 Dungeon Crawl Stone Soup version 0.28-a0-1159-g27aa881441 (webtiles) character file.

Game seed: 4391084634604032034

772 SensoryNuts the Covered (level 7, -7/82 HPs)
             Began as a Demonspawn Fighter on Dec 15, 2021.
             Was an Initiate of Gozag.
             Mangled by a gnoll (10 damage)
             ... on level 6 of the Dungeon.
             The game lasted 00:06:50 (6315 turns).

SensoryNuts the Covered (Demonspawn Fighter)        Turns: 6315, Time: 00:06:51

Health: -7/82      AC: 23    Str: 18    XL:     7   Next: 53%
Magic:  7/7        EV:  2    Int: 14    God:    Gozag
Gold:   220        SH:  5    Dex: 12    Spells: 6/6 levels left

rFire   . . .      SeeInvis .   d - +3 falchion "Seeleg" {venom, Int+4}
rCold   + . .      Faith    .   c - +1 buckler
rNeg    . . .      Spirit   .   (armour currently unavailable)
rPois   +          Reflect  .   (helmet currently unavailable)
rElec   .          Harm     .   (cloak currently unavailable)
rCorr   .          Rampage  .   (gloves currently unavailable)
Will    .....      NoTele   +   (boots currently unavailable)
Stlth   +.........              (no amulet)
HPRegen 0.23/turn               h - ring of protection from cold
MPRegen 0.10/turn               (no ring)

@: brilliant, lethally poisoned (-7 -> -12), tree-form
A: stationary, stasis, torment immunity, boosted hp, ignite blood 1, powered by
death 1, (sanguine armour 1)
a: Renounce Religion, Potion Petition, Call Merchant, Bribe Branch


You were on level 6 of the Dungeon.
You worshipped Gozag.
Gozag was aware of your devotion.
You were a tree.
You visited 2 branches of the dungeon, and saw 7 of its levels.

You collected 318 gold pieces.
You paid 98 gold pieces to Gozag.

Inventory:

Hand Weapons
 a - a +1 vampiric long sword
 d - the +3 falchion "Seeleg" (weapon) {venom, Int+4}
   (You acquired it on level 1 of the Dungeon)

   It poisons the flesh of those it strikes.
   Int:       It affects your intelligence (+4).
Armour
 b - a +0 scale mail
 c - a +1 buckler (worn)
 e - a +0 plate armour (melded)
Jewellery
 h - a ring of protection from cold (left branch)
Wands
 f - a wand of polymorph (1) (quivered)
Scrolls
 g - 2 scrolls of identify {unknown}
 i - a scroll of fog
 k - a scroll of amnesia
 m - a scroll of teleportation


   Skills:
 + Level 4.6 Fighting
 + Level 5.0 Long Blades
 + Level 5.0 Armour
 + Level 1.1 Dodging
 + Level 0.2 Stealth
 + Level 3.4 Shields
 + Level 0.4 Evocations


You had 6 spell levels left.
You didn't know any spells.
Your spell library contained the following spells:

 Spells                   Type           Power      Damage    Failure   Level
 Blink                    Tloc           0%         N/A       43%         2
 Dazzling Flash           Conj/Hex       0%         N/A       67%         3
 Lesser Beckoning         Tloc           0%         N/A       67%         3
 Iskenderun's Mystic Bla  Conj/Tloc      0%         2d3       97%         4
 Manifold Assault         Tloc           0%         N/A       100%        5
 Starburst                Conj/Fire      0%         6d3       100%        6


Dungeon Overview and Level Annotations

Branches:
Dungeon (6/15)             Temple (1/1) D:6

Altars:
Ashenzari
Cheibriados
Elyvilon
Fedhas
Gozag
Hepliaklqana
Kikubaaqudgha
Makhleb
Nemelex Xobeh
Okawaru
Qazlal
Sif Muna
Trog
Uskayaw
Vehumet
Wu Jian
Xom
Yredelemnul
Zin
The Shining One

Shops:
D:1 =   D:2 ([[

Annotations:
D:6 2 runed translucent doors, spaghetti's ghost, weakling OpDe


Innate Abilities, Weirdness & Mutations

You are a tree.
Your roots penetrate the ground, keeping you stationary.
You cannot be teleported.
You are immune to unholy pain and torment.
Your maximum health is greatly increased.
Your equipment is partially melded.
Your demonic aura sometimes causes spilled blood to erupt in flames.
You regenerate a little health from kills.
((When seriously injured, your blood forms armour. (AC +0)))


Message History

You feel sick. The gnoll hits you with a +0 flail.
* * * LOW HITPOINT WARNING * * *
The gnoll hits you from afar with a +2 spear of venom.
* * * LOW HITPOINT WARNING * * *
The gnoll hits you from afar with a +0 halberd.
* * * LOW HITPOINT WARNING * * *
You slash the gnoll!
The gnoll looks as sick as possible!
The gnoll is almost dead.
You feel sick.
You kill the gnoll!
The gnoll hits you but does no damage.
You are more poisoned.
The gnoll barely misses you.
You cannot move.
You cannot move.
You aren't carrying any potions.
There are monsters nearby!
There are monsters nearby!
You cannot move.
You cannot move.
There are monsters nearby!
There are monsters nearby!
There are monsters nearby!
You feel sick. You block the gnoll's attack.
The gnoll hits you but does no damage.
You feel sick. The gnoll hits you but does no damage.
You block the gnoll's attack.
You feel sick. The gnoll hits you but does no damage.
You are more poisoned.
The gnoll hits you but does no damage.
* * * LOW HITPOINT WARNING * * *
You feel sick.
The gnoll hits you from afar with a +2 spear of venom.
* * * LOW HITPOINT WARNING * * *
The gnoll hits you but does no damage.
* * * LOW HITPOINT WARNING * * *
You feel sick. The gnoll hits you but does no damage.
The gnoll hits you from afar with a +0 halberd!
You die...
Your body crumbles into a pile of gold.

##......#.#...≈≈##.#
........##≈.($.#.#.#
##......####≈#≈###.#
#......###
#........#
#.....?..#
#........#
#........#######
#.........(.♣$g#
##############g# .#
g# g# .# .# g#


You could see 2 gnolls.

Vanquished Creatures
  A centaur (D:5)
  An ogre (D:5)
  A gnoll sergeant (D:6)
  A jelly (D:4)
  A gnoll shaman (D:6)
  A hound (D:6)
  2 iguanas
  3 orc wizards
  A howler monkey zombie (D:6)
  9 adders
  10 gnolls
  A howler monkey skeleton (D:5)
  A white imp (D:6)
  2 worms
  A dart slug (D:1)
  15 orcs
  10 bats
  12 endoplasms
  3 giant cockroaches
  8 goblins
  5 hobgoblins
  6 quokkas
  7 ball pythons
  5 frilled lizards
  5 kobolds
  9 rats
121 creatures vanquished.

Notes
Turn   | Place    | Note
-------+----------+-------------------------------------------
     0 | D:1      | SensoryNuts the Demonspawn Fighter began the quest for the
                  | Orb.
     0 | D:1      | Reached XP level 1. HP: 18/18 MP: 1/1
   352 | D:1      | Gained mutation: Your demonic aura sometimes causes spilled
                  | blood to erupt in flames. [demonic ancestry]
   352 | D:1      | Reached XP level 2. HP: 23/24 MP: 2/2
   491 | D:1      | Found a faded altar of an unknown god.
   670 | D:1      | Found Xunwaez's Jewellery Boutique.
   922 | D:1      | Reached XP level 3. HP: 22/29 MP: 3/3
  1241 | D:1      | Identified a scroll of acquirement
  1241 | D:1      | Acquired the +3 falchion "Seeleg" {venom, Int+4}
  1800 | D:2      | Found Rikar's Antique Armour Shoppe.
  2196 | D:2      | Found Xututiec's Weapon Emporium.
  2261 | D:2      | Reached XP level 4. HP: 37/37 MP: 4/4
  2284 | D:2      | Found Faocias's Armour Boutique.
  2358 | D:2      | You fall into a shaft and drop 1 floor!
  2614 | D:3      | Reached XP level 5. HP: 22/42 MP: 5/5
  4065 | D:4      | Reached skill level 1 in Dodging
  4629 | D:5      | Entered Level 5 of the Dungeon
  4655 | D:5      | Noticed an ogre
  4664 | D:5      | Killed an ogre
  4665 | D:5      | Gained mutation: You regenerate a little health from kills.
                  | [demonic ancestry]
  4665 | D:5      | Reached XP level 6. HP: 7/48 MP: 6/6
  5432 | D:6      | Gained mutation: When seriously injured, your blood forms
                  | armour. (AC +0) [demonic ancestry]
  5432 | D:6      | Reached XP level 7. HP: 45/54 MP: 7/7
  5547 | D:6      | Found a staircase to the Ecumenical Temple.
  5597 | Temple   | Entered the Ecumenical Temple
  6163 | Temple   | Became a worshipper of Gozag Ym Sagoz the Greedy
  6229 | D:6      | Found a large runed translucent door.
  6230 | D:6      | Found a large runed translucent door.
  6232 | D:6      | Noticed spaghetti's ghost (weakling OpDe)
  6301 | D:6      | Reached skill level 5 in Long Blades
  6301 | D:6      | Reached skill level 5 in Armour
  6315 | D:6      | HP: 3/82 [poisoned by a gnoll]
  6315 | D:6      | Mangled by a gnoll

Illustrated notes

Levels and vault maps discovered:
D:1:      mrwooster_arrival_statue_3, layout_loops_ring, serial_shops, shop,
          basic_ecumenical_altar
D:2:      layout_loops_ring, serial_shops, shop, nicolae_shop_advertising_works
          [nicolae_subvault_shop_adworks], nicolae_shop_waterfront,
          hangedman_decor_push
D:3:      layout_loops_ring, chequers_decorated_corner
D:4:      layout_loops_corners
D:5:      layout_rooms
D:6:      layout_basic, minmay_temple_entry_mist, ebering_ghost_disaster_area
Temple:   mainiacjoe_temple_big_plus

Skill      XL: |  1  2  3  4  5  6  7 |
---------------+----------------------+-----
Armour         | 3 4 5 |  5.0
Shields        | 3 |  3.4
Long Blades    | 2 3 4 5 |  5.0
Fighting       | 4 |  4.6
Dodging        | 1 |  1.1
Stealth        | |  0.2
Evocations     | |  0.4

Action                   |  1- 3 |  4- 6 |  7- 9 || total
-------------------------+-------+-------+-------++-------
Melee: Long sword        |    85 |       |       ||    85
       Falchion          |    39 |   171 |    67 ||   277
Evoke: Wand              |       |     3 |       ||     3
  Use: Scroll            |     5 |     5 |       ||    10
       Potion            |     3 |     7 |     4 ||    14
Armor: Scale mail        |    66 |    50 |       ||   116
       Plate armour      |       |    35 |    28 ||    63
       Skin              |       |       |    33 ||    33
Dodge: Dodged            |    64 |    51 |    18 ||   133
Block: Buckler           |    28 |    40 |    19 ||    87

Table legend: (Time is in decaauts)
 A = Elapsed time spent in this place.
 B = Non-inter-level travel time spent in this place.
 C = Inter-level travel time spent in this place.
 D = Time resting spent in this place.
 E = Time spent auto-exploring this place.
 F = Levels seen in this place.
 G = Mean time per level.
                   A        B        C        D        E       F      G
               +--------+--------+--------+--------+--------+-----+--------+
         Total |   6354 |   6096 |    258 |    469 |   4722 |   7 |  907.7 |
       Dungeon |   5731 |   5542 |    189 |    469 |   4175 |   6 |  955.2 |
        Temple |    622 |    553 |     69 |      0 |    547 |   1 |  622.0 |
               +--------+--------+--------+--------+--------+-----+--------+

Top non-repeatable levels by time:
     D:1: 1827 daAuts
     D:4: 961 daAuts
     D:2: 947 daAuts
     D:3: 928 daAuts
     D:5: 748 daAuts
  Temple: 622 daAuts
     D:6: 317 daAuts
